BR (22 & UNDER)
WATERTOWN HEADHUNTERS @ GILBERT FIRE FIGHTERS
07/18/2029
 
TOP OF THE 1ST
Watertown Headhunters batting - Pitching for Gilbert Fire Fighters : RHP Dan Clark
Pitching: RHP Dan Clark
Batting: RHB Gustavo Martínez 0-0: Bunted foul
0-1: Ball
1-1: Called Strike
1-2: Ball
2-2: Foul Ball, location: 2F
2-2: Fly out, F9 (Flyball, 89S)
Batting: LHB Mark Watson 0-0: Called Strike
0-1: Ball
1-1: Called Strike
1-2: Ball
2-2: Strikes out swinging
Batting: LHB Ángel Figueiedo 0-0: Ball
1-0: Called Strike
1-1: Fly out, F9 (Flyball, 89S)
Top of the 1st over - 0 runs, 0 hits, 0 errors, 0 left on base; Watertown 0 - Gilbert 0
BOTTOM OF THE 1ST
Gilbert Fire Fighters batting - Pitching for Watertown Headhunters : RHP Juan García
Pitching: RHP Juan García
Batting: RHB Raúl Ottoboni 0-0: SINGLE (Line Drive, 6)
Batting: RHB John Field 0-0: Ball
Pickoff Throw to First - Out!
1-0: Called Strike
1-1: Ground out 5-3 (Groundball, 56S)
Batting: RHB Edgardo Castro 0-0: Called Strike
0-1: Ball
1-1: Ball
2-1: Ball
3-1: Called Strike
3-2: DOUBLE (Flyball, 89D)
Batting: RHB Travis Mchugh 0-0: Ball
1-0: Ball
2-0: Swinging Strike
2-1: Swinging Strike
2-2: Ball
3-2: Single, Error in OF, E9, batter to second base
Edgardo Castro scores
Batting: RHB Carlos Canales 0-0: Ball
1-0: Foul Ball, location: 2F
1-1: Swinging Strike
1-2: Strikes out looking
Bottom of the 1st over - 1 run, 3 hits, 1 error, 1 left on base; Watertown 0 - Gilbert 1
TOP OF THE 2ND
Watertown Headhunters batting - Pitching for Gilbert Fire Fighters : RHP Dan Clark
Batting: LHB William Donnelly 0-0: Ball
1-0: Ball
2-0: Ball
3-0: Called Strike
3-1: Base on Balls
Batting: RHB Héctor Villarreal 0-0: SINGLE (Groundball, 34D)
William Donnelly to second
Runner from 2nd tries for 3rd, SAFE, no throw
Batting: RHB Juan Camacho 0-0: Called Strike
0-1: Ball
1-1: Grounds into double play, 1-6-3 (Groundball, 13)
Batting: RHB António Trevino 0-0: Ball
1-0: Fly out, F6 (Line Drive, 6)
Top of the 2nd over - 0 runs, 1 hit, 0 errors, 1 left on base; Watertown 0 - Gilbert 1
BOTTOM OF THE 2ND
Gilbert Fire Fighters batting - Pitching for Watertown Headhunters : RHP Juan García
Batting: LHB Joe Kent 0-0: Ball
1-0: Called Strike
1-1: Ball
2-1: Foul Ball, location: 2F
2-2: Strikes out swinging
Batting: SHB Germán Roseima 0-0: Ball
1-0: Ball
2-0: Ground out 4-3 (Groundball, 4M)
Batting: LHB Bill Handy 0-0: Ball
1-0: Ground out 5-3 (Groundball, 56S)
Bottom of the 2nd over - 0 runs, 0 hits, 0 errors, 0 left on base; Watertown 0 - Gilbert 1
TOP OF THE 3RD
Watertown Headhunters batting - Pitching for Gilbert Fire Fighters : RHP Dan Clark
Batting: RHB Robinson Martínez 0-0: Ball
1-0: Ball
2-0: Ball
3-0: Base on Balls
Batting: RHB Pedro López 0-0: Fielders Choice at 2nd, 1-6 (Groundball, 13S)
Batting: RHB Gustavo Martínez 0-0: Called Strike
Pedro López is caught stealing 2nd base
0-1: Foul Ball, location: 2F
0-2: Ball
1-2: SINGLE (Flyball, 7LM)
Batting: LHB Mark Watson 0-0: Called Strike
0-1: Called Strike
Gustavo Martínez steals 2nd base
0-2: Ball
1-2: Fly out, F8 (Flyball, 8LD)
Top of the 3rd over - 0 runs, 1 hit, 0 errors, 1 left on base; Watertown 0 - Gilbert 1
BOTTOM OF THE 3RD
Gilbert Fire Fighters batting - Pitching for Watertown Headhunters : RHP Juan García
Batting: RHB José Hernández 0-0: Fly out, F4 (Popup, 4D)
Batting: RHB Raúl Ottoboni 0-0: Ball
1-0: Ball
2-0: Foul Ball, location: 2F
2-1: Ground out 6-3 (Groundball, 6)
Batting: RHB John Field 0-0: Called Strike
0-1: Swinging Strike
0-2: Ball
1-2: Foul Ball, location: 2F
1-2: Foul Ball, location: 2F
1-2: Ball
2-2: Ball
3-2: Strikes out swinging
Bottom of the 3rd over - 0 runs, 0 hits, 0 errors, 0 left on base; Watertown 0 - Gilbert 1
TOP OF THE 4TH
Watertown Headhunters batting - Pitching for Gilbert Fire Fighters : RHP Dan Clark
Batting: LHB Ángel Figueiedo 0-0: Ball
1-0: Foul Ball, location: 2F
1-1: Ball
2-1: Swinging Strike
2-2: Ball
3-2: Strikes out swinging
Batting: LHB William Donnelly 0-0: Called Strike
0-1: Swinging Strike
0-2: Ball
1-2: Ball
2-2: Fly out, F5 (Popup, 5SF)
Batting: RHB Héctor Villarreal 0-0: Fly out, F8 (Flyball, 8RM)
Top of the 4th over - 0 runs, 0 hits, 0 errors, 0 left on base; Watertown 0 - Gilbert 1
BOTTOM OF THE 4TH
Gilbert Fire Fighters batting - Pitching for Watertown Headhunters : RHP Juan García
Batting: RHB Edgardo Castro 0-0: Called Strike
0-1: Ball
1-1: Ball
2-1: Swinging Strike
2-2: Foul Ball, location: 2F
2-2: Ball
3-2: Ground out 6-3 (Groundball, 6)
Batting: RHB Travis Mchugh 0-0: Ball
1-0: Ball
2-0: Called Strike
2-1: SINGLE (Groundball, 34S) (infield hit)
Batting: RHB Carlos Canales 0-0: Called Strike
0-1: Ball
1-1: Foul Ball, location: 2F
1-2: Ball
2-2: Foul Ball, location: 2F
2-2: Fielders Choice at 2nd, 4-6 (Groundball, 4)
Batting: LHB Joe Kent 0-0: Called Strike
0-1: Ball
1-1: Ball
2-1: Foul Ball, location: 2F
2-2: Ball
Carlos Canales is caught stealing 2nd base
Bottom of the 4th over - 0 runs, 1 hit, 0 errors, 0 left on base; Watertown 0 - Gilbert 1
TOP OF THE 5TH
Watertown Headhunters batting - Pitching for Gilbert Fire Fighters : RHP Dan Clark
Batting: RHB Juan Camacho 0-0: Foul Ball, location: 2F
0-1: Fly out, F7 (Line Drive, 7)
Batting: RHB António Trevino 0-0: Foul Ball, location: 2F
0-1: Swinging Strike
0-2: Strikes out swinging
Batting: RHB Robinson Martínez 0-0: Foul Ball, location: 2F
0-1: Ball
1-1: Foul Ball, location: 2F
1-2: Fly out, F1 (Line Drive, 13)
Top of the 5th over - 0 runs, 0 hits, 0 errors, 0 left on base; Watertown 0 - Gilbert 1
BOTTOM OF THE 5TH
Gilbert Fire Fighters batting - Pitching for Watertown Headhunters : RHP Juan García
Batting: LHB Joe Kent 0-0: Ball
1-0: Ground out 4-3 (Groundball, 4)
Batting: SHB Germán Roseima 0-0: Ball
1-0: Ball
2-0: Ball
3-0: Called Strike
3-1: Fly out, F9 (Flyball, 9S)
Batting: LHB Bill Handy 0-0: Ball
1-0: Ball
2-0: Foul Ball, location: 2F
2-1: Called Strike
2-2: SINGLE (Flyball, 78M)
Pitching: LHP José Agámez
Batting: RHB José Hernández 0-0: Ball
1-0: Ball
2-0: Ball
3-0: Called Strike
3-1: Fly out, F8 (Flyball, 8LS)
Bottom of the 5th over - 0 runs, 1 hit, 0 errors, 1 left on base; Watertown 0 - Gilbert 1
TOP OF THE 6TH
Watertown Headhunters batting - Pitching for Gilbert Fire Fighters : RHP Dan Clark
Batting: RHB Pedro López 0-0: Fly out, F4 (Line Drive, 4)
Batting: RHB Gustavo Martínez 0-0: Ball
1-0: Called Strike
1-1: Ball
2-1: Foul Ball, location: 2F
2-2: Foul Ball, location: 2F
2-2: DOUBLE (Line Drive, 7LM)
Batting: LHB Mark Watson 0-0: Called Strike
0-1: Foul Ball, location: 2F
0-2: Strikes out looking
Batting: LHB Ángel Figueiedo 0-0: Ground out 4-3 (Groundball, 4)
Top of the 6th over - 0 runs, 1 hit, 0 errors, 1 left on base; Watertown 0 - Gilbert 1
BOTTOM OF THE 6TH
Gilbert Fire Fighters batting - Pitching for Watertown Headhunters : RHP Lou Hawkins
Pitching: RHP Lou Hawkins
Batting: RHB Raúl Ottoboni 0-0: Called Strike
0-1: Called Strike
0-2: Ball
1-2: Strikes out swinging
Batting: RHB John Field 0-0: Called Strike
0-1: Ball
1-1: Swinging Strike
1-2: Strikes out swinging
Batting: RHB Edgardo Castro 0-0: SINGLE (Groundball, 34D)
Batting: RHB Travis Mchugh 0-0: Ball
1-0: Foul Ball, location: 2F
1-1: Ground out 4-3 (Groundball, 4)
Bottom of the 6th over - 0 runs, 1 hit, 0 errors, 1 left on base; Watertown 0 - Gilbert 1
TOP OF THE 7TH
Watertown Headhunters batting - Pitching for Gilbert Fire Fighters : RHP Dan Clark
Batting: LHB William Donnelly 0-0: Called Strike
0-1: Ball
1-1: Swinging Strike
1-2: Ball
2-2: Ball
3-2: Base on Balls
Batting: RHB Héctor Villarreal 0-0: Foul Ball, location: 2F
0-1: Called Strike
William Donnelly is caught stealing 2nd base
0-2: Foul Ball, location: 2F
0-2: Ball
1-2: Foul Ball, location: 2F
1-2: Fly out, F4 (Popup, 4M)
Batting: RHB Juan Camacho 0-0: Foul Ball, location: 2F
0-1: Ball
1-1: Ball
2-1: Ball
3-1: Foul Ball, location: 2F
3-2: Strikes out swinging
Top of the 7th over - 0 runs, 0 hits, 0 errors, 0 left on base; Watertown 0 - Gilbert 1
BOTTOM OF THE 7TH
Gilbert Fire Fighters batting - Pitching for Watertown Headhunters : RHP Lou Hawkins
Batting: RHB Carlos Canales 0-0: Ball
1-0: Ball
2-0: Called Strike
2-1: Called Strike
2-2: Strikes out swinging
Batting: LHB Joe Kent 0-0: Called Strike
0-1: Ball
1-1: Swinging Strike
1-2: Ball
2-2: Ball
3-2: Strikes out swinging
Batting: SHB Germán Roseima 0-0: Ball
1-0: Ball
2-0: Ball
3-0: Base on Balls
Batting: LHB Bill Handy 0-0: Ball
1-0: Foul Ball, location: 2F
1-1: Foul Ball, location: 2F
1-2: Ball
2-2: Strikes out swinging
Bottom of the 7th over - 0 runs, 0 hits, 0 errors, 1 left on base; Watertown 0 - Gilbert 1
TOP OF THE 8TH
Watertown Headhunters batting - Pitching for Gilbert Fire Fighters : RHP Dan Clark
Batting: RHB António Trevino 0-0: Called Strike
0-1: Called Strike
0-2: Ball
1-2: SINGLE (Groundball, 6MD)
Pinch Hitting: LHB Leonardo Torres 0-0: SINGLE (Groundball, 4M) (infield hit)
António Trevino to second
Batting: RHB Pedro López 0-0: Foul Ball, location: 2F
0-1: Ball
1-1: Foul Ball, location: 2F
1-2: Strikes out looking
Batting: RHB Gustavo Martínez 0-0: Ball
1-0: Ball
2-0: Reached via error on a dropped throw, E6
António Trevino to third
Leonardo Torres to second
Batting: LHB Mark Watson 0-0: Called Strike
0-1: Ball
1-1: Called Strike
1-2: Ball
Wild Pitch!
António Trevino scores
Leonardo Torres to third
Gustavo Martínez to second
2-2: Strikes out looking
Batting: LHB Ángel Figueiedo 0-0: Swinging Strike
0-1: Foul Ball, location: 2F
0-2: Ball
1-2: Strikes out swinging
Top of the 8th over - 1 run, 2 hits, 1 error, 2 left on base; Watertown 1 - Gilbert 1
BOTTOM OF THE 8TH
Gilbert Fire Fighters batting - Pitching for Watertown Headhunters : RHP Lou Hawkins
Now at 1B: Steve Welch
Batting: RHB José Hernández 0-0: Ball
1-0: Fly out, F8 (Flyball, 8LM)
Pinch Hitting: LHB Kyle Robbins 0-0: Ball
1-0: Ball
2-0: Ball
3-0: Called Strike
3-1: Foul Ball, location: 2F
3-2: Ground out 3-1 (Groundball, 34S)
Pinch Hitting: LHB Mark Sanders 0-0: Called Strike
0-1: Called Strike
0-2: Ball
1-2: Ball
2-2: Foul Ball, location: 2F
2-2: Strikes out swinging
Bottom of the 8th over - 0 runs, 0 hits, 0 errors, 0 left on base; Watertown 1 - Gilbert 1
TOP OF THE 9TH
Watertown Headhunters batting - Pitching for Gilbert Fire Fighters : RHP Dan Clark
Now at SS: Mark Sanders
Now in CF: Kyle Robbins
Batting: LHB William Donnelly 0-0: Ball
1-0: Foul Ball, location: 2F
1-1: Ball
2-1: Foul Ball, location: 2F
2-2: SINGLE (Groundball, 6) (infield hit)
Pinch Runner at 1st William Mitchell:
Batting: RHB Héctor Villarreal 0-0: Ball
1-0: Foul Ball, location: 2F
1-1: Ball
2-1: Ball
3-1: Called Strike
3-2: Fly out, F8 (Flyball, 8LD)
Runner from 1st tags up, OUT at 2nd
Batting: RHB Juan Camacho 0-0: Called Strike
0-1: Ball
1-1: Swinging Strike
1-2: Strikes out swinging
Top of the 9th over - 0 runs, 1 hit, 0 errors, 0 left on base; Watertown 1 - Gilbert 1
BOTTOM OF THE 9TH
Gilbert Fire Fighters batting - Pitching for Watertown Headhunters : RHP Lou Hawkins
Now in LF: William Mitchell
Batting: RHB Edgardo Castro 0-0: Swinging Strike
0-1: Foul Ball, location: 2F
0-2: Ball
1-2: Ball
2-2: DOUBLE (Groundball, 5L)
Pinch Hitting: RHB George Medine 0-0: Intentional Walk
Pinch Hitting: RHB Juan González 0-0: Fielders Choice at 2nd, 6-4 (Groundball, 6)
Edgardo Castro to third
Batting: LHB Joe Kent 0-0: Ball
1-0: Called Strike
1-1: Ball
Passed Ball!
Edgardo Castro scores
Saturday, December 16th, 2017 - OOTP Baseball 18.8 Build 76